 Dungeon Crawl Stone Soup version 0.29.0-7-g18a832c13a (webtiles) character file.

Game seed: 8049770286113293862

189 LynnLen the Magician (level 5, -5/24 HPs)
             Began as a Spriggan Conjurer on Aug 31, 2022.
             Slain by a gnoll sergeant
             ... wielding a +1 vorpal spear
              (11 damage)
             ... on level 3 of the Dungeon.
             The game lasted 00:08:42 (3351 turns).

LynnLen the Magician (Spriggan Conjurer)            Turns: 3351, Time: 00:08:42

Health: -5/24      AC:  2    Str:  3    XL:     5   Next: 40%
Magic:  8/13       EV: 17    Int: 22    God:
Gold:   151        SH:  0    Dex: 13    Spells: 11/14 levels left

rFire   . . .      SeeInvis +   (weapon restricted)
rCold   + . .      Faith    .   (no shield)
rNeg    . . .      Spirit   .   a - +0 robe
rPois   .          Reflect  .   (helmet restricted)
rElec   .          Harm     .   (no cloak)
rCorr   .          Rampage  .   (gloves unavailable)
Will    .....                   (boots unavailable)
Stlth   ++........              (no amulet)
HPRegen 0.08/turn               i - ring of protection from cold
MPRegen 0.13/turn               (no ring)

@: very quick
A: very small, no large weapons, unfitting armour, see invisible, speed 3
a: no special abilities


You were on level 3 of the Dungeon.
You visited 1 branch of the dungeon, and saw 3 of its levels.

You collected 151 gold pieces.

Inventory:

Missiles
 g - a throwing net
Armour
 a - a +0 robe (worn)
Jewellery
 f - a ring of ice
 i - a ring of protection from cold (left hand)
 p - a ring of poison resistance
Scrolls
 c - 2 scrolls of immolation {unknown}
 e - a scroll of teleportation {unknown}
 j - a scroll of poison {unknown}
 m - a scroll of silence {unknown}
 o - a scroll of amnesia {unknown}
 r - a scroll of fog {unknown}
Potions
 b - a potion of magic
 d - a potion of brilliance
 h - a potion of heal wounds
 k - a potion of resistance
 l - 2 potions of curing {unknown}
 n - a potion of degeneration {unknown}
 q - 2 potions of might {unknown}


   Skills:
 - Level 2.6 Dodging
 - Level 3.0 Stealth
 + Level 5.2 Spellcasting
 + Level 4.1 Conjurations


You had 11 spell levels left.
You knew the following spells:

 Your Spells              Type           Power      Damage    Failure   Level
a - Magic Dart            Conj           96%        1d7       1%          1
b - Searing Ray           Conj           48%        2d6       2%          2

Your spell library contained the following spells:

 Spells                   Type           Power      Damage    Failure   Level
 Static Discharge         Conj/Air       14%        3-5/arc   6%          2
 Dazzling Flash           Conj/Hex       28%        N/A       13%         3
 Call Imp                 Summ           5%         N/A       16%         2
 Mephitic Cloud           Conj/Pois/Air  11%        N/A       17%         3
 Fulminant Prism          Conj/Hex       7%         3d7       38%         4
 Iskenderun's Mystic Bla  Conj/Tloc      14%        2d5       38%         4
 Lightning Bolt           Conj/Air       7%         1d19      75%         5
 Maxwell's Capacitive Co  Air            2%         ∞         100%        8


Dungeon Overview and Level Annotations

Branches:
Dungeon (3/15)

Altars:

Shops:
D:3 [


Innate Abilities, Weirdness & Mutations

You are very small and have problems with some larger weapons.
You are too small for most types of armour.
You have supernaturally acute eyesight. (SInv)
You cover ground extremely quickly. (Speed+++)


Message History

The searing ray hits the gnoll.
You kill the gnoll!
The searing ray hits the gnoll!
You kill the gnoll!
You start resting.
Magic restored.
You start resting.
HP restored.
Things that are here:
the +3 woodcutter's axe {vorpal}; a gnoll corpse You see here a +0 hand axe.
Things that are here:
a +0 flail; a +0 chain mail
Found a stone staircase leading down.
Found a hand axe.
Found a whip.
Found a spear.
You see here a +0 whip.
A gnoll sergeant comes into view. It is wielding a +1 vorpal spear.
Found a hand axe.
The gnoll sergeant shouts!
Aiming: Searing Ray (safe; 2% risk of failure)
Press: ? - help, Q - select action, (/) - cycle Shift-Dir - straight line, f - gnoll sergeant
Aim: a gnoll sergeant, wielding a +1 vorpal spear and wearing a +0 scale mail (85% to hit)
The searing ray hits the gnoll sergeant.
The gnoll sergeant is lightly wounded. (Press . to maintain the ray.)
The searing ray hits the gnoll sergeant but does no damage.
The gnoll sergeant is lightly wounded.
The gnoll sergeant barely misses you.
The searing ray hits the gnoll sergeant.
The gnoll sergeant is lightly wounded.
The gnoll sergeant hits you from afar with a +1 vorpal spear!
Ouch! That really hurt!
* * * LOW HITPOINT WARNING * * *
The searing ray hits the gnoll sergeant.
The gnoll sergeant is moderately wounded.
You finish channelling your searing ray.
The gnoll sergeant hits you from afar with a +1 vorpal spear!
You die...

..#.#..# # #... ..#.#..# . #.##
..#.#..# #..#####.# ..g.#..# ♣♣♣♣
.........# #####..# ♣ ...♣
#........# ...##..# ### #..♣♣♣
#........# ##.....#
#...#..).♣♣♣########.# ######.#
##...#.♣....♣♣#..# ##'## )......#
#.)..g.@.........# #...#
###########...#..♣..)♣♣#..###...#
........###...#....♣♣♣##..'.....#
....####.#### #..♣♣♣###...##....#
....# #.# ♣...)♣♣ ##.....##....#
....####.## ♣♣♣♣ ##......##....#
....##....#########.......##....#
######.......##..######.#.##....#
#.......###.## #...##)....


You could see a gnoll sergeant.

Vanquished Creatures
  An orc priest (D:3)
  A gnoll bouda (D:3)
  6 gnolls (D:3)
  An adder (D:2)
  A dart slug (D:1)
  3 orcs (D:3)
  7 ball pythons (D:1)
  2 endoplasms (D:2)
  4 giant cockroaches
  8 goblins
  4 hobgoblins
  8 kobolds
  4 quokkas
  3 bats
  5 frilled lizards
  7 rats
65 creatures vanquished.

Notes
Turn   | Place    | Note
-------+----------+-------------------------------------------
     0 | D:1      | LynnLen the Spriggan Conjurer began the quest for the Orb.
     0 | D:1      | Reached XP level 1. HP: 9/9 MP: 5/5
    86 | D:1      | Reached skill level 3 in Spellcasting
   293 | D:1      | Reached XP level 2. HP: 13/13 MP: 0/7
   325 | D:1      | Learned a level 2 spell: Searing Ray
   385 | D:1      | Found a faded altar of an unknown god.
  1056 | D:1      | Reached XP level 3. HP: 16/16 MP: 6/9
  1751 | D:2      | Reached skill level 4 in Spellcasting
  2238 | D:3      | Reached XP level 4. HP: 21/21 MP: 4/11
  2692 | D:3      | Found Duliolurel's Armour Shoppe.
  2963 | D:3      | Reached XP level 5. HP: 24/24 MP: 1/13
  3097 | D:3      | Reached skill level 5 in Spellcasting
  3351 | D:3      | Slain by a gnoll sergeant

Illustrated notes

Levels and vault maps discovered:
D:1:      enne_arrival_octagon_isle, layout_loops_ring,
          shapermc_ecumenical_altar_totnotflames, minmay_misc_feat_more_columns,
          st_stairs_8
D:2:      layout_rooms
D:3:      layout_basic, serial_shops, shop, pf_guarded_unrand_woodcutter

Skill      XL: |  1  2  3  4  5 |
---------------+----------------+-----
Conjurations   | 3 4 |  4.1
Spellcasting   | 3 4 5 |  5.2
Dodging        | |  2.6
Stealth        | |  3.0

Action                   |  1- 3 |  4- 6 || total
-------------------------+-------+-------++-------
 Cast: Magic Dart        |    97 |    28 ||   125
       Searing Ray       |     1 |     5 ||     6
  Use: Scroll            |     3 |       ||     3
Armor: Robe              |     1 |       ||     1
Dodge: Dodged            |    13 |     7 ||    20
